Senateurs vs Flames
Created - April 2, 2024 at 07:43
Goals
|
| Senateurs |
0 |
1 |
3 |
4 |
| Flames |
3 |
1 |
3 |
7 |
|
Shots
|
| Senateurs |
15 |
4 |
9 |
28 |
| Flames |
13 |
11 |
13 |
37 |
|
1st period
1. Flames , Eric Staal 33 (Bryan Rust 28) at 5:35
2. Flames , Eric Staal 34 (Jimmy Hayes 40, Sami Vatanen 24) at 11:07 (PP)
3. Flames , Bryan Rust 20 (Eric Staal 44) at 11:22
Penalties :
Dennis Everberg (Ott) for Slashing (Minor) at 10:52, Eric Staal (Cal) for High sticking (Minor) at 19:17
2nd period
4. Senateurs , Taylor Chorney 4 (Tim Schaller 9, Dennis Everberg 6) at 4:52
5. Flames , Patrik Berglund 29 (Kevin Labanc 20, Sami Vatanen 25) at 11:09 (PP)
Penalties :
Michael Frolik (Ott) for Diving (Minor) at 1:59, Eric Gelinas (Ott) for Hooking (Minor) at 10:36
3rd period
6. Senateurs , Erik Gudbranson 11 (Derick Brassard 44, Nick Bjugstad 32) at 0:17
7. Senateurs , Michael Frolik 23 (Derick Brassard 45, Eric Gelinas 23) at 2:12 (PP)
8. Flames , Bryan Rust 21 (Brad Marchand 26, Erik Johnson 35) at 2:26
9. Senateurs , Eric Gelinas 7 (Nick Bjugstad 33, Michael Frolik 21) at 16:58 (PP)
10. Flames , Jimmy Hayes 17 (Patrik Berglund 28, Tanner Pearson 23) at 19:35 (Empty Net)
11. Flames , Christian Folin 2 (Anders Lee 11, Esa Lindell 14) at 19:43
Penalties :
Jake DeBrusk (Cal) for Hooking (Minor) at 1:58, David Savard (Cal) for Holding Stick (Minor) at 4:50, Brad Marchand (Cal) for Interference (Minor) at 9:56, Tanner Pearson (Cal) for Tripping (Minor) at 16:42
Goalie Stats
Martin Jones (Ott), 30 saves from 36 shots - (0.833), L, 24-24-7, 59:42 minutes
Christopher Gibson (Cal), 24 saves from 28 shots - (0.857), W, 30-17-1, 60:00 minutes
Players Stats for Senateurs
Player Name G A P +/- PIM S H SB GA TA FO MP PP MP PK MP
------------------------------------------------------------------------------------
Brandon Sutter 0 0 0 -2 0 1 0 0 1 0 6/13 15:53 2:45 0:39
Dennis Everberg 0 1 1 1 2 2 0 1 0 0 0/0 7:43 0:00 0:00
Derick Brassard 0 2 2 -1 0 4 3 0 0 1 1/1 23:31 3:42 1:53
Dmitry Sinitsyn 0 0 0 -1 0 0 2 2 0 0 0/0 11:47 0:00 0:00
Eric Gelinas 1 1 2 -2 2 1 4 2 0 1 0/0 28:42 3:55 1:27
Erik Gudbranson 1 0 1 -2 0 1 1 0 0 0 0/0 29:16 3:55 2:00
Jordan Martinook 0 0 0 -2 0 2 1 0 0 0 0/0 16:07 2:45 0:53
Ladislav Smid 0 0 0 0 0 0 0 1 0 1 0/0 19:30 2:32 1:20
Mark Stuart 0 0 0 0 0 0 2 1 1 1 0/0 18:57 2:32 0:47
Michael Frolik 1 1 2 -1 2 1 1 0 2 1 0/0 21:38 3:42 0:00
Nick Bjugstad 0 2 2 -1 0 6 2 1 0 0 21/40 23:29 3:42 1:51
Pierre-Edouard Bellemare 0 0 0 -1 0 1 0 1 0 0 2/6 12:37 0:00 0:00
Riley Sheahan 0 0 0 -1 0 1 0 0 2 0 0/1 12:55 0:00 0:18
Rostislav Olesz 0 0 0 -1 0 0 0 0 1 1 0/0 12:37 0:00 0:00
Taylor Chorney 1 0 1 -1 0 2 0 1 0 0 0/0 11:47 0:00 0:00
Tim Schaller 0 1 1 1 0 3 1 1 0 0 0/0 7:44 0:00 0:00
Tomas Nosek 0 0 0 1 0 1 0 1 0 0 4/7 7:44 0:00 0:00
William Nylander 0 0 0 -2 0 2 1 0 0 1 1/1 15:13 2:45 0:00
Players Stats for Flames
Player Name G A P +/- PIM S H SB GA TA FO MP PP MP PK MP
------------------------------------------------------------------------------------
Anders Lee 0 1 1 0 0 1 4 1 0 0 4/7 11:04 0:00 1:08
Brad Marchand 0 1 1 3 2 0 0 0 0 0 0/2 20:07 0:00 2:57
Bryan Rust 2 1 3 3 0 7 2 0 2 0 1/2 18:34 0:00 2:04
Christian Folin 1 0 1 1 0 1 0 1 1 1 0/0 21:54 0:51 4:05
Colby Robak 0 0 0 1 0 0 1 3 0 0 0/0 3:34 0:00 0:00
Colin Wilson 0 0 0 0 0 3 0 0 0 0 6/7 12:07 0:00 0:15
David Savard 0 0 0 0 2 1 4 3 0 1 0/0 15:58 0:00 2:35
David Ullstrom 0 0 0 -1 0 1 0 0 0 0 0/0 10:15 0:00 1:27
Eric Staal 2 1 3 2 2 3 1 2 2 1 12/29 19:13 1:40 0:29
Erik Johnson 0 1 1 1 0 3 6 1 0 2 0/0 29:50 1:56 2:52
Esa Lindell 0 1 1 1 0 0 1 1 0 0 0/0 19:33 0:51 1:36
Jake DeBrusk 0 0 0 0 2 2 1 0 0 0 0/0 12:39 1:07 0:18
Jimmy Hayes 1 1 2 1 0 4 0 0 0 1 1/1 15:24 1:40 0:00
Kevin Labanc 0 1 1 0 0 1 0 0 0 0 0/1 12:22 1:07 0:00
Kyle Palmieri 0 0 0 -1 0 1 0 0 1 0 0/0 8:48 0:00 0:00
Patrik Berglund 1 1 2 1 0 4 2 0 0 1 9/19 19:35 1:07 4:16
Sami Vatanen 0 2 2 2 0 1 1 0 0 0 0/0 27:08 1:56 1:46
Tanner Pearson 0 1 1 1 2 4 0 1 1 0 1/1 15:23 1:40 0:00
3 Stars
1 - Bryan Rust (Cal)
2 - Eric Staal (Cal)
3 - Patrik Berglund (Cal)
Power Play
Senateurs - 2 on 5 Attempt(s) - 40.00%
Flames - 2 on 3 Attempt(s) - 66.67%
Penalty Kill
Senateurs - 1 on 3 Attempt(s) - 33.33%
- Score 0 goal in Penalty Kill
Flames - 3 on 5 Attempt(s) - 60.00%
- Score 0 goal in Penalty Kill
Team Stat
Senateurs - Hits : 18 - Faceoff Wins : 35 - Blocked Shots : 12 - Penalty Minutes : 6
Flames - Hits : 23 - Faceoff Wins : 34 - Blocked Shots : 13 - Penalty Minutes : 10
Official
Referees : Brad Meier and Dan O'Rourke
Linesman : Jonny Murray and Bryan Pancich
Game Notes
8:49 of 1st period - Senateurs goal is going for a video replay. After video review, No Goal. The goalkeeper has been pushed into the net together with the puck after making a save.
Colby Robak is injured at 17:17 of 1st period (Left Ankle)
Jimmy Hayes has scored in a empty net!
Finance
Level 1 -- Attendance: 6000 (100.00%) -- Ticket Income $600,000
Level 2 -- Attendance: 4977 (99.54%) -- Ticket Income $298,620
Level 3 -- Attendance: 2000 (100.00%) -- Ticket Income $70,000
Level 4 -- Attendance: 4000 (100.00%) -- Ticket Income $100,000
Luxury Box -- Attendance: 1000 (100.00%) -- Ticket Income $200,000
Game was played at the Scotiabank Saddledome.
Total Attendance: 17977 (99.87%)
Total Ticket Income: $1,268,620
Other Income: $190,293
Total Income: $1,458,913
Senateurs
5 vs 5 Forward
Center Left Wing Right Wing Time % Phy DF OF
1 Nick Bjugstad Derick Brassard Michael Frolik 45 1 2 2
2 Brandon Sutter Jordan Martinook William Nylander 25 1 2 2
3 Pierre-Edouard Bellemare Rostislav Olesz Riley Sheahan 20 1 2 2
4 Tomas Nosek Tim Schaller Dennis Everberg 10 1 2 2
5 vs 5 Defense
Defense Defense Time % Phy DF OF
1 Erik Gudbranson Eric Gelinas 45 1 2 2
2 Mark Stuart Ladislav Smid 25 1 2 2
3 Taylor Chorney Dmitry Sinitsyn 20 1 2 2
4 Erik Gudbranson Eric Gelinas 10 1 2 2
PowerPlay Forward
Center Left Wing Right Wing Time % Phy DF OF
1 Nick Bjugstad Derick Brassard Michael Frolik 60 1 2 2
2 Brandon Sutter Jordan Martinook William Nylander 40 1 2 2
PowerPlay Defense
Defense Defense Time % Phy DF OF
1 Erik Gudbranson Eric Gelinas 60 1 2 2
2 Mark Stuart Ladislav Smid 40 1 2 2
Penalty Kill 4 Players Forward
Center Wing Time % Phy DF OF
1 Nick Bjugstad Derick Brassard 60 1 2 2
2 Brandon Sutter Jordan Martinook 40 1 2 2
Penalty Kill 4 Players Defense
Defense Defense Time % Phy DF OF
1 Erik Gudbranson Eric Gelinas 60 1 2 2
2 Mark Stuart Ladislav Smid 40 1 2 2
Penalty Kill - 3 Players Forward
Forward Time % Phy DF OF
1 Nick Bjugstad 60 1 2 2
2 Brandon Sutter 40 1 2 2
Penalty Kill - 3 Players Defense
Defense Defense Time % Phy DF OF
1 Erik Gudbranson Eric Gelinas 60 1 2 2
2 Mark Stuart Ladislav Smid 40 1 2 2
4 vs 4 Forward
Center Wing Time % Phy DF OF
1 Nick Bjugstad Derick Brassard 60 1 2 2
2 Brandon Sutter Jordan Martinook 40 1 2 2
4 vs 4 Defense
Defense Defense Time % Phy DF OF
1 Erik Gudbranson Eric Gelinas 60 1 2 2
2 Mark Stuart Ladislav Smid 40 1 2 2
Last Minutes Offensive
Center Left Wing Right Wing Defense Defense
Nick Bjugstad Derick Brassard Michael Frolik Erik Gudbranson Eric Gelinas
Last Minutes Defensive
Center Left Wing Right Wing Defense Defense
Nick Bjugstad Derick Brassard Michael Frolik Erik Gudbranson Eric Gelinas
Goaltenders
Starting : Martin Jones
Backup : Mikko Koskinen
Extra Forwards
Normal : Riley Sheahan, Pierre-Edouard Bellemare, William Nylander - PP : Riley Sheahan, Pierre-Edouard Bellemare - PK : Riley Sheahan
Extra Defensemen
Normal : Ladislav Smid, Taylor Chorney, Dmitry Sinitsyn - PP : Ladislav Smid - PK : Ladislav Smid, Taylor Chorney
Penalty Shots
Nick Bjugstad, Derick Brassard, Brandon Sutter, Michael Frolik, Riley Sheahan
Custom OT Lines Forwards
Nick Bjugstad, Derick Brassard, Brandon Sutter, Michael Frolik, Riley Sheahan, Pierre-Edouard Bellemare, William Nylander, Jordan Martinook, Rostislav Olesz, Dennis Everberg
Custom OT Lines Defensemen
Erik Gudbranson, Eric Gelinas, Mark Stuart, Ladislav Smid, Taylor Chorney
Scratches
Kyle Rau (Healthy), Mattias Ekholm (Healthy)
Flames
5 vs 5 Forward
Center Left Wing Right Wing Time % Phy DF OF
1 Eric Staal Brad Marchand Bryan Rust 40 1 2 2
2 Patrik Berglund Tanner Pearson Jimmy Hayes 30 1 2 2
3 Colin Wilson Jake DeBrusk Kevin Labanc 20 1 2 2
4 Anders Lee David Ullstrom Kyle Palmieri 10 1 2 2
5 vs 5 Defense
Defense Defense Time % Phy DF OF
1 Erik Johnson Sami Vatanen 40 1 2 2
2 Esa Lindell Christian Folin 30 1 2 2
3 Colby Robak David Savard 20 1 2 2
4 Erik Johnson Sami Vatanen 10 1 2 2
PowerPlay Forward
Center Left Wing Right Wing Time % Phy DF OF
1 Eric Staal Tanner Pearson Jimmy Hayes 60 1 1 3
2 Patrik Berglund Jake DeBrusk Kevin Labanc 40 1 1 3
PowerPlay Defense
Defense Defense Time % Phy DF OF
1 Erik Johnson Sami Vatanen 60 1 1 3
2 Esa Lindell Christian Folin 40 1 1 3
Penalty Kill 4 Players Forward
Center Wing Time % Phy DF OF
1 Patrik Berglund Brad Marchand 60 1 2 2
2 Eric Staal Bryan Rust 40 1 2 2
Penalty Kill 4 Players Defense
Defense Defense Time % Phy DF OF
1 Colby Robak Christian Folin 60 1 2 2
2 Erik Johnson Sami Vatanen 40 1 2 2
Penalty Kill - 3 Players Forward
Forward Time % Phy DF OF
1 Eric Staal 60 1 2 2
2 Patrik Berglund 40 1 2 2
Penalty Kill - 3 Players Defense
Defense Defense Time % Phy DF OF
1 Erik Johnson Sami Vatanen 60 1 2 2
2 Colby Robak Christian Folin 40 1 2 2
4 vs 4 Forward
Center Wing Time % Phy DF OF
1 Eric Staal Bryan Rust 60 1 2 2
2 Patrik Berglund Brad Marchand 40 1 2 2
4 vs 4 Defense
Defense Defense Time % Phy DF OF
1 Erik Johnson Sami Vatanen 60 1 2 2
2 Esa Lindell Christian Folin 40 1 2 2
Last Minutes Offensive
Center Left Wing Right Wing Defense Defense
Eric Staal Brad Marchand Bryan Rust Sami Vatanen Erik Johnson
Last Minutes Defensive
Center Left Wing Right Wing Defense Defense
Eric Staal Brad Marchand Bryan Rust Sami Vatanen Erik Johnson
Goaltenders
Starting : Christopher Gibson
Backup : Henrik Lundqvist
Extra Forwards
Normal : Tanner Pearson, Jimmy Hayes, Patrik Berglund - PP : Jake DeBrusk, Anders Lee - PK : Bryan Rust
Extra Defensemen
Normal : Colby Robak, Esa Lindell, Christian Folin - PP : Esa Lindell - PK : Christian Folin, David Savard
Penalty Shots
Eric Staal, Tanner Pearson, Jimmy Hayes, Kyle Palmieri, Patrik Berglund
Custom OT Lines Forwards
Eric Staal, Tanner Pearson, Patrik Berglund, Jimmy Hayes, Bryan Rust, Brad Marchand, Colin Wilson, Jake DeBrusk, Kevin Labanc, Kyle Palmieri
Custom OT Lines Defensemen
Erik Johnson, Sami Vatanen, Christian Folin, Esa Lindell, Colby Robak
Scratches
Chris Brown (Healthy), Mathieu Brodeur (Healthy), Matthew Nieto (Healthy), Victor Rask (Healthy)
% Time on Ice - Senateurs
Lines # - Real PCT - Wanted PCT - Time Play
Normal Forward
1 - 35% - 45% - 17:56
2 - 25% - 25% - 12:29
3 - 25% - 20% - 12:37
4 - 15% - 10% - 7:44
Normal Defense
1 - 41% - 45% - 20:39
2 - 31% - 25% - 15:38
3 - 23% - 20% - 11:47
4 - 5% - 10% - 2:42
PP Forward
1 - 57% - 60% - 3:42
2 - 43% - 40% - 2:45
PP Defense
1 - 61% - 60% - 3:55
2 - 39% - 40% - 2:32
PK Forward
1 - 77% - 60% - 2:08
2 - 23% - 40% - 0:39
PK Defense
1 - 72% - 60% - 2:00
2 - 28% - 40% - 0:47
PK3 Forward
1 - 0% - 60%
2 - 0% - 40%
PK3 Defense
1 - 0% - 60%
2 - 0% - 40%
44 Forward
1 - 0% - 60%
2 - 0% - 40%
44 Defense
1 - 0% - 60%
2 - 0% - 40%
Last Minute Offensive - 0:00
Last Minute Defensive - 0:00
Total
Forward - 60:00
Defense - 60:00
|
% Time on Ice - Flames
Lines # - Real PCT - Wanted PCT - Time Play
Normal Forward
1 - 33% - 40% - 16:52
2 - 27% - 30% - 13:51
3 - 22% - 20% - 11:15
4 - 17% - 10% - 8:48
Normal Defense
1 - 37% - 40% - 18:57
2 - 27% - 30% - 13:38
3 - 30% - 20% - 15:06
4 - 6% - 10% - 3:05
PP Forward
1 - 60% - 60% - 1:40
2 - 40% - 40% - 1:07
PP Defense
1 - 69% - 60% - 1:56
2 - 31% - 40% - 0:51
PK Forward
1 - 87% - 60% - 5:38
2 - 13% - 40% - 0:49
PK Defense
1 - 78% - 60% - 5:02
2 - 22% - 40% - 1:25
PK3 Forward
1 - 0% - 60%
2 - 0% - 40%
PK3 Defense
1 - 0% - 60%
2 - 0% - 40%
44 Forward
1 - 0% - 60%
2 - 0% - 40%
44 Defense
1 - 0% - 60%
2 - 0% - 40%
Last Minute Offensive - 0:00
Last Minute Defensive - 0:00
Total
Forward - 60:00
Defense - 60:00
|
Play-by-Play
1st period
0:01 of 1st period - Nick Bjugstad wins face-off versus Eric Staal in neutral zone.
0:31 of 1st period - Pierre-Edouard Bellemare is hit by Erik Johnson and loses puck.
0:47 of 1st period - Icing by Eric Staal.
0:48 of 1st period - Patrik Berglund wins face-off versus Brandon Sutter in Flames zone.
0:55 of 1st period - Jordan Martinook is hit by Patrik Berglund and loses puck.
1:14 of 1st period - Snap shot by Derick Brassard.
1:14 of 1st period - Deflect By Nick Bjugstad.
1:14 of 1st period - Stopped by Christopher Gibson without a rebound.
1:15 of 1st period - Colin Wilson wins face-off versus Nick Bjugstad in Flames zone.
1:24 of 1st period - Slapshot by Esa Lindell.
1:24 of 1st period - Shot Misses the Net.
1:56 of 1st period - Slapshot by Jake DeBrusk.
1:56 of 1st period - Deflect By Kevin Labanc.
1:56 of 1st period - Stopped by Martin Jones with a rebound.
1:58 of 1st period - Wrist shot by Colin Wilson.
1:58 of 1st period - Stopped by Martin Jones without a rebound.
1:59 of 1st period - Tomas Nosek wins face-off versus Patrik Berglund in Senateurs zone.
2:14 of 1st period - Backhand shot by Dennis Everberg.
2:14 of 1st period - Stopped by Christopher Gibson without a rebound.
2:15 of 1st period - Pierre-Edouard Bellemare wins face-off versus Anders Lee in Flames zone.
2:20 of 1st period - Snap shot by Riley Sheahan.
2:20 of 1st period - Stopped by Christopher Gibson without a rebound.
2:21 of 1st period - Anders Lee wins face-off versus Pierre-Edouard Bellemare in Flames zone.
3:07 of 1st period - Slapshot by Erik Johnson.
3:07 of 1st period - Deflect By Eric Gelinas.
3:07 of 1st period - Stopped by Martin Jones with a rebound.
3:29 of 1st period - Snap shot by Eric Gelinas.
3:29 of 1st period - Shot Misses the Net.
3:31 of 1st period - Slapshot by Erik Gudbranson.
3:31 of 1st period - Shot Blocked by Anders Lee.
3:50 of 1st period - Icing by Erik Johnson.
3:51 of 1st period - Nick Bjugstad wins face-off versus Anders Lee in Flames zone.
4:08 of 1st period - Ladislav Smid is hit by Anders Lee and loses puck.
4:13 of 1st period - Slapshot by Erik Johnson.
4:13 of 1st period - Stopped by Martin Jones with a rebound.
4:45 of 1st period - Wrist shot by Nick Bjugstad.
4:45 of 1st period - Stopped by Christopher Gibson with a rebound.
5:15 of 1st period - Slapshot by Sami Vatanen.
5:15 of 1st period - Shot Misses the Net.
5:17 of 1st period - Slapshot by Sami Vatanen.
5:17 of 1st period - Shot Blocked by Mark Stuart.
5:19 of 1st period - Snap shot by Sami Vatanen.
5:19 of 1st period - Stopped by Martin Jones without a rebound.
5:20 of 1st period - Eric Staal wins face-off versus Brandon Sutter in Senateurs zone.
5:33 of 1st period - Wrist shot by Bryan Rust.
5:33 of 1st period - Deflect By William Nylander.
5:33 of 1st period - Stopped by Martin Jones with a rebound.
5:35 of 1st period - Slapshot by Eric Staal.
5:35 of 1st period - Goal by Eric Staal - Senateurs : 0 - Flames : 1.
5:36 of 1st period - Brandon Sutter wins face-off versus Eric Staal in neutral zone.
6:24 of 1st period - Colin Wilson is hit by Eric Gelinas and loses puck.
6:31 of 1st period - Wrist shot by Rostislav Olesz.
6:31 of 1st period - Shot Blocked by Colby Robak.
6:33 of 1st period - Slapshot by Erik Gudbranson.
6:33 of 1st period - Shot Blocked by Colby Robak.
6:35 of 1st period - Slapshot by Erik Gudbranson.
6:35 of 1st period - Shot Misses the Net.
7:43 of 1st period - Icing by Riley Sheahan.
7:44 of 1st period - Brandon Sutter wins face-off versus Patrik Berglund in Senateurs zone.
8:14 of 1st period - Snap shot by Kevin Labanc.
8:14 of 1st period - Deflect By Jake DeBrusk.
8:14 of 1st period - Shot Misses the Net.
8:14 of 1st period - Puck is out of play.
8:15 of 1st period - Nick Bjugstad wins face-off versus Kevin Labanc in Senateurs zone.
8:47 of 1st period - Wrist shot by Brandon Sutter.
8:47 of 1st period - Stopped by Christopher Gibson with a rebound.
8:49 of 1st period - Wrist shot by Jordan Martinook.
8:49 of 1st period - Senateurs goal is going for a video replay.
8:49 of 1st period - The goal is refused. The goalkeeper has been pushed into the net together with the puck after making a save..
8:50 of 1st period - Eric Staal wins face-off versus Nick Bjugstad in Flames zone.
8:50 of 1st period - Eric Staal is hit by Nick Bjugstad.
8:59 of 1st period - Erik Johnson is hit by Erik Gudbranson and loses puck.
9:04 of 1st period - Snap shot by Bryan Rust.
9:04 of 1st period - Stopped by Martin Jones with a rebound.
9:06 of 1st period - Slapshot by Erik Johnson.
9:06 of 1st period - Shot Misses the Net.
9:25 of 1st period - Slapshot by Jimmy Hayes.
9:25 of 1st period - Stopped by Martin Jones with a rebound.
9:27 of 1st period - Wrist shot by Tanner Pearson.
9:27 of 1st period - Shot Blocked by Ladislav Smid.
9:47 of 1st period - Snap shot by Jordan Martinook.
9:47 of 1st period - Stopped by Christopher Gibson with a rebound.
10:41 of 1st period - Wrist shot by Brandon Sutter.
10:41 of 1st period - Shot Misses the Net.
10:49 of 1st period - Slapshot by Esa Lindell.
10:49 of 1st period - Deflect By Colin Wilson.
10:49 of 1st period - Shot Blocked by Dennis Everberg.
10:49 of 1st period - Puck is out of play.
10:50 of 1st period - Tomas Nosek wins face-off versus Bryan Rust in Senateurs zone.
10:52 of 1st period - Minor Penalty to Dennis Everberg for Slashing.
10:53 of 1st period - Nick Bjugstad wins face-off versus Eric Staal in Senateurs zone.
11:07 of 1st period - Slapshot by Eric Staal.
11:07 of 1st period - Goal by Eric Staal - Senateurs : 0 - Flames : 2.
11:08 of 1st period - Nick Bjugstad wins face-off versus Eric Staal in neutral zone.
11:20 of 1st period - Snap shot by Bryan Rust.
11:20 of 1st period - Stopped by Martin Jones without a rebound.
11:21 of 1st period - Eric Staal wins face-off versus Nick Bjugstad in Senateurs zone.
11:22 of 1st period - Snap shot by Bryan Rust.
11:22 of 1st period - Goal by Bryan Rust - Senateurs : 0 - Flames : 3.
11:23 of 1st period - Nick Bjugstad wins face-off versus Brad Marchand in neutral zone.
12:11 of 1st period - Wrist shot by Dennis Everberg.
12:11 of 1st period - Stopped by Christopher Gibson with a rebound.
12:55 of 1st period - Pierre-Edouard Bellemare is hit by Colby Robak and loses puck.
13:02 of 1st period - Wrist shot by Eric Staal.
13:02 of 1st period - Shot Misses the Net.
13:12 of 1st period - Jimmy Hayes is hit by Jordan Martinook and loses puck.
13:23 of 1st period - Slapshot by William Nylander.
13:23 of 1st period - Stopped by Christopher Gibson without a rebound.
13:24 of 1st period - Nick Bjugstad wins face-off versus Eric Staal in Flames zone.
13:25 of 1st period - Snap shot by Derick Brassard.
13:25 of 1st period - Stopped by Christopher Gibson without a rebound.
13:26 of 1st period - Eric Staal wins face-off versus Nick Bjugstad in Flames zone.
13:31 of 1st period - Slapshot by Sami Vatanen.
13:31 of 1st period - Shot Misses the Net.
13:33 of 1st period - Snap shot by Erik Johnson.
13:33 of 1st period - Shot Misses the Net.
14:19 of 1st period - Wrist shot by Tanner Pearson.
14:19 of 1st period - Deflect By Jake DeBrusk.
14:19 of 1st period - Shot Blocked by Tomas Nosek.
14:19 of 1st period - Puck is out of play.
14:20 of 1st period - Tomas Nosek wins face-off versus Colin Wilson in Senateurs zone.
14:20 of 1st period - Tomas Nosek is hit by David Savard.
14:30 of 1st period - Wrist shot by Dennis Everberg.
14:30 of 1st period - Shot Misses the Net.
14:32 of 1st period - Snap shot by Dennis Everberg.
14:32 of 1st period - Shot Misses the Net.
14:34 of 1st period - Snap shot by Tomas Nosek.
14:34 of 1st period - Stopped by Christopher Gibson without a rebound.
14:35 of 1st period - Nick Bjugstad wins face-off versus Brad Marchand in Flames zone.
14:52 of 1st period - Wrist shot by Derick Brassard.
14:52 of 1st period - Stopped by Christopher Gibson without a rebound.
14:53 of 1st period - Brandon Sutter wins face-off versus Patrik Berglund in Flames zone.
15:44 of 1st period - Ladislav Smid is hit by Anders Lee and loses puck.
16:48 of 1st period - Snap shot by Nick Bjugstad.
16:48 of 1st period - Stopped by Christopher Gibson without a rebound.
16:49 of 1st period - Colin Wilson wins face-off versus Nick Bjugstad in Flames zone.
16:51 of 1st period - Icing by Jake DeBrusk.
16:52 of 1st period - Colin Wilson wins face-off versus Nick Bjugstad in Flames zone.
17:17 of 1st period - Wrist shot by Nick Bjugstad.
17:17 of 1st period - Shot Blocked by Colby Robak.
17:17 of 1st period - Colby Robak from Flames is injured at 17:17 of 1st period (Left Ankle).
17:18 of 1st period - Nick Bjugstad wins face-off versus Eric Staal in Flames zone.
17:19 of 1st period - Wrist shot by Derick Brassard.
17:19 of 1st period - Shot Misses the Net.
17:59 of 1st period - Wrist shot by William Nylander.
17:59 of 1st period - Stopped by Christopher Gibson with a rebound.
18:12 of 1st period - Off-side.
18:13 of 1st period - Colin Wilson wins face-off versus Tomas Nosek in neutral zone.
18:20 of 1st period - Snap shot by Colin Wilson.
18:20 of 1st period - Stopped by Martin Jones with a rebound.
19:00 of 1st period - David Savard is hit by Mark Stuart and loses puck.
19:15 of 1st period - Snap shot by Derick Brassard.
19:15 of 1st period - Stopped by Christopher Gibson with a rebound.
19:17 of 1st period - Minor Penalty to Eric Staal for High sticking.
19:18 of 1st period - Patrik Berglund wins face-off versus Brandon Sutter in Flames zone.
Goals for this period are 0 for Senateurs vs 3 for Flames.
Shots for this period are 15 for Senateurs vs 13 for Flames.
2nd period
0:01 of 2nd period - Patrik Berglund wins face-off versus Nick Bjugstad in neutral zone.
0:14 of 2nd period - Wrist shot by Patrik Berglund.
0:14 of 2nd period - Stopped by Martin Jones without a rebound.
0:15 of 2nd period - Patrik Berglund wins face-off versus Nick Bjugstad in Senateurs zone.
0:22 of 2nd period - Snap shot by Patrik Berglund.
0:22 of 2nd period - Shot Blocked by Eric Gelinas.
1:17 of 2nd period - Penalty to Eric Staal is over, Eric Staal is back on ice.
1:50 of 2nd period - Snap shot by Kevin Labanc.
1:50 of 2nd period - Shot Misses the Net.
1:52 of 2nd period - Slapshot by Jake DeBrusk.
1:52 of 2nd period - Shot Misses the Net.
1:54 of 2nd period - Slapshot by Sami Vatanen.
1:54 of 2nd period - Shot Blocked by Tim Schaller.
1:56 of 2nd period - Wrist shot by Jake DeBrusk.
1:56 of 2nd period - Stopped by Martin Jones without a rebound.
1:57 of 2nd period - Nick Bjugstad wins face-off versus Anders Lee in Senateurs zone.
1:59 of 2nd period - Minor Penalty to Michael Frolik for Diving.
2:00 of 2nd period - Eric Staal wins face-off versus Nick Bjugstad in Senateurs zone.
2:14 of 2nd period - Slapshot by Tanner Pearson.
2:14 of 2nd period - Stopped by Martin Jones without a rebound.
2:15 of 2nd period - Eric Staal wins face-off versus Nick Bjugstad in Senateurs zone.
3:42 of 2nd period - Patrik Berglund is hit by Eric Gelinas and loses puck.
3:59 of 2nd period - Penalty to Michael Frolik is over, Michael Frolik is back on ice.
4:27 of 2nd period - Eric Gelinas is hit by Erik Johnson and loses puck.
4:44 of 2nd period - Wrist shot by Tim Schaller.
4:44 of 2nd period - Shot Blocked by David Savard.
4:50 of 2nd period - Wrist shot by Tim Schaller.
4:50 of 2nd period - Shot Blocked by David Savard.
4:52 of 2nd period - Slapshot by Taylor Chorney.
4:52 of 2nd period - Deflect By David Ullstrom.
4:52 of 2nd period - Goal by Taylor Chorney - Senateurs : 1 - Flames : 3.
4:53 of 2nd period - Nick Bjugstad wins face-off versus Patrik Berglund in neutral zone.
6:29 of 2nd period - Derick Brassard is hit by Erik Johnson and loses puck.
6:34 of 2nd period - Wrist shot by Kyle Palmieri.
6:34 of 2nd period - Deflect By David Ullstrom.
6:34 of 2nd period - Shot Misses the Net.
6:34 of 2nd period - Puck is out of play.
6:35 of 2nd period - Anders Lee wins face-off versus Brandon Sutter in Senateurs zone.
6:36 of 2nd period - Snap shot by Kyle Palmieri.
6:36 of 2nd period - Stopped by Martin Jones without a rebound.
6:37 of 2nd period - Brandon Sutter wins face-off versus Patrik Berglund in Senateurs zone.
7:28 of 2nd period - Wrist shot by Tim Schaller.
7:28 of 2nd period - Stopped by Christopher Gibson with a rebound.
7:34 of 2nd period - Dennis Everberg is hit by David Savard and loses puck.
7:49 of 2nd period - Wrist shot by David Ullstrom.
7:49 of 2nd period - Stopped by Martin Jones without a rebound.
7:50 of 2nd period - Bryan Rust wins face-off versus Pierre-Edouard Bellemare in Senateurs zone.
7:55 of 2nd period - Snap shot by Bryan Rust.
7:55 of 2nd period - Shot Blocked by Pierre-Edouard Bellemare.
8:38 of 2nd period - Icing by Patrik Berglund.
8:39 of 2nd period - William Nylander wins face-off versus Patrik Berglund in Flames zone.
9:02 of 2nd period - Slapshot by Jimmy Hayes.
9:02 of 2nd period - Shot Misses the Net.
9:04 of 2nd period - Snap shot by Jimmy Hayes.
9:04 of 2nd period - Shot Misses the Net.
9:36 of 2nd period - Slapshot by Tanner Pearson.
9:36 of 2nd period - Stopped by Martin Jones without a rebound.
9:37 of 2nd period - Eric Staal wins face-off versus Nick Bjugstad in Senateurs zone.
10:14 of 2nd period - Snap shot by Kevin Labanc.
10:14 of 2nd period - Shot Misses the Net.
10:16 of 2nd period - Snap shot by Kevin Labanc.
10:16 of 2nd period - Deflect By Jake DeBrusk.
10:16 of 2nd period - Stopped by Martin Jones with a rebound.
10:29 of 2nd period - Off-side.
10:30 of 2nd period - Anders Lee wins face-off versus Tomas Nosek in neutral zone.
10:33 of 2nd period - Snap shot by David Savard.
10:33 of 2nd period - Stopped by Martin Jones without a rebound.
10:34 of 2nd period - Tomas Nosek wins face-off versus Eric Staal in Senateurs zone.
10:36 of 2nd period - Minor Penalty to Eric Gelinas for Hooking.
10:37 of 2nd period - Nick Bjugstad wins face-off versus Eric Staal in Senateurs zone.
11:09 of 2nd period - Snap shot by Patrik Berglund.
11:09 of 2nd period - Goal by Patrik Berglund - Senateurs : 1 - Flames : 4.
11:10 of 2nd period - Nick Bjugstad wins face-off versus Eric Staal in neutral zone.
13:20 of 2nd period - Taylor Chorney is hit by David Savard.
13:50 of 2nd period - Michael Frolik is hit by David Savard and loses puck.
14:39 of 2nd period - Anders Lee is hit by Derick Brassard and loses puck.
15:20 of 2nd period - Tomas Nosek is hit by Esa Lindell and loses puck.
15:32 of 2nd period - Esa Lindell is hit by Tim Schaller and loses puck.
15:43 of 2nd period - Dmitry Sinitsyn is hit by Bryan Rust and loses puck.
16:30 of 2nd period - Sami Vatanen is hit by William Nylander and loses puck.
17:09 of 2nd period - Wrist shot by Jimmy Hayes.
17:09 of 2nd period - Stopped by Martin Jones with a rebound.
17:21 of 2nd period - Jake DeBrusk is hit by Mark Stuart and loses puck.
18:16 of 2nd period - Christian Folin is hit by Derick Brassard and loses puck.
19:11 of 2nd period - Nick Bjugstad is hit by Jake DeBrusk and loses puck.
19:35 of 2nd period - Dmitry Sinitsyn is hit by Eric Staal and loses puck.
19:40 of 2nd period - Snap shot by Eric Staal.
19:40 of 2nd period - Stopped by Martin Jones with a rebound.
19:52 of 2nd period - Backhand shot by Taylor Chorney.
19:52 of 2nd period - Deflect By David Ullstrom.
19:52 of 2nd period - Stopped by Christopher Gibson with a rebound.
19:54 of 2nd period - Snap shot by Tomas Nosek.
19:54 of 2nd period - Shot Misses the Net.
19:56 of 2nd period - Snap shot by Tim Schaller.
19:56 of 2nd period - Stopped by Christopher Gibson without a rebound.
19:57 of 2nd period - Patrik Berglund wins face-off versus Tomas Nosek in Flames zone.
Goals for this period are 1 for Senateurs vs 1 for Flames.
Shots for this period are 4 for Senateurs vs 11 for Flames.
3rd period
0:01 of 3rd period - Nick Bjugstad wins face-off versus Eric Staal in neutral zone.
0:13 of 3rd period - Snap shot by Nick Bjugstad.
0:13 of 3rd period - Shot Blocked by Eric Staal.
0:15 of 3rd period - Wrist shot by Derick Brassard.
0:15 of 3rd period - Shot Blocked by Eric Staal.
0:17 of 3rd period - Slapshot by Erik Gudbranson.
0:17 of 3rd period - Goal by Erik Gudbranson - Senateurs : 2 - Flames : 4.
0:18 of 3rd period - Eric Staal wins face-off versus Nick Bjugstad in neutral zone.
0:53 of 3rd period - Snap shot by Eric Staal.
0:53 of 3rd period - Shot Misses the Net.
1:13 of 3rd period - Slapshot by Bryan Rust.
1:13 of 3rd period - Stopped by Martin Jones without a rebound.
1:14 of 3rd period - Nick Bjugstad wins face-off versus Patrik Berglund in Senateurs zone.
1:29 of 3rd period - Snap shot by Michael Frolik.
1:29 of 3rd period - Shot Blocked by Tanner Pearson.
1:58 of 3rd period - Minor Penalty to Jake DeBrusk for Hooking.
1:59 of 3rd period - Patrik Berglund wins face-off versus Nick Bjugstad in Flames zone.
2:06 of 3rd period - Slapshot by Derick Brassard.
2:06 of 3rd period - Shot Blocked by David Savard.
2:08 of 3rd period - Slapshot by Eric Gelinas.
2:08 of 3rd period - Shot Blocked by Christian Folin.
2:12 of 3rd period - Wrist shot by Michael Frolik.
2:12 of 3rd period - Goal by Michael Frolik - Senateurs : 3 - Flames : 4.
2:13 of 3rd period - Nick Bjugstad wins face-off versus Eric Staal in neutral zone.
2:18 of 3rd period - Snap shot by Derick Brassard.
2:18 of 3rd period - Shot Blocked by Erik Johnson.
2:24 of 3rd period - Wrist shot by Brad Marchand.
2:24 of 3rd period - Shot Blocked by Eric Gelinas.
2:26 of 3rd period - Wrist shot by Bryan Rust.
2:26 of 3rd period - Goal by Bryan Rust - Senateurs : 3 - Flames : 5.
2:27 of 3rd period - Nick Bjugstad wins face-off versus Eric Staal in neutral zone.
2:54 of 3rd period - Erik Gudbranson is hit by Patrik Berglund and loses puck.
3:05 of 3rd period - Wrist shot by Jimmy Hayes.
3:05 of 3rd period - Stopped by Martin Jones without a rebound.
3:06 of 3rd period - Eric Staal wins face-off versus Nick Bjugstad in Senateurs zone.
3:11 of 3rd period - Wrist shot by Eric Staal.
3:11 of 3rd period - Deflect By Michael Frolik.
3:11 of 3rd period - Shot Misses the Net.
3:11 of 3rd period - Puck is out of play.
3:12 of 3rd period - Derick Brassard wins face-off versus Eric Staal in Senateurs zone.
3:12 of 3rd period - Derick Brassard is hit by Bryan Rust.
3:24 of 3rd period - Wrist shot by Nick Bjugstad.
3:24 of 3rd period - Stopped by Christopher Gibson without a rebound.
3:25 of 3rd period - Nick Bjugstad wins face-off versus Eric Staal in Flames zone.
3:52 of 3rd period - William Nylander is hit by Sami Vatanen and loses puck.
4:01 of 3rd period - Slapshot by Erik Gudbranson.
4:01 of 3rd period - Shot Misses the Net.
4:21 of 3rd period - Esa Lindell is hit by Eric Gelinas and loses puck.
4:50 of 3rd period - Minor Penalty to David Savard for Holding Stick.
4:51 of 3rd period - Nick Bjugstad wins face-off versus Patrik Berglund in Flames zone.
5:06 of 3rd period - Erik Johnson is hit by Michael Frolik and loses puck.
5:37 of 3rd period - Sami Vatanen is hit by Nick Bjugstad and loses puck.
6:50 of 3rd period - Penalty to David Savard is over, David Savard is back on ice.
7:21 of 3rd period - Dennis Everberg is hit by Anders Lee and loses puck.
7:26 of 3rd period - Snap shot by Kyle Palmieri.
7:26 of 3rd period - Shot Blocked by Dmitry Sinitsyn.
7:38 of 3rd period - Snap shot by Jimmy Hayes.
7:38 of 3rd period - Deflect By Tanner Pearson.
7:38 of 3rd period - Shot Blocked by Dmitry Sinitsyn.
7:38 of 3rd period - Puck is out of play.
7:39 of 3rd period - Pierre-Edouard Bellemare wins face-off versus Patrik Berglund in Senateurs zone.
9:04 of 3rd period - Slapshot by Pierre-Edouard Bellemare.
9:04 of 3rd period - Stopped by Christopher Gibson with a rebound.
9:18 of 3rd period - Slapshot by Patrik Berglund.
9:18 of 3rd period - Shot Blocked by Taylor Chorney.
9:24 of 3rd period - Jimmy Hayes is hit by Dmitry Sinitsyn and loses puck.
9:39 of 3rd period - Wrist shot by Dennis Everberg.
9:39 of 3rd period - Shot Misses the Net.
9:41 of 3rd period - Backhand shot by Erik Gudbranson.
9:41 of 3rd period - Shot Blocked by Esa Lindell.
9:43 of 3rd period - Snap shot by Tim Schaller.
9:43 of 3rd period - Stopped by Christopher Gibson without a rebound.
9:44 of 3rd period - Nick Bjugstad wins face-off versus Eric Staal in Flames zone.
9:56 of 3rd period - Minor Penalty to Brad Marchand for Interference.
9:57 of 3rd period - Patrik Berglund wins face-off versus Nick Bjugstad in Flames zone.
9:57 of 3rd period - Patrik Berglund is hit by Derick Brassard.
10:12 of 3rd period - Wrist shot by Bryan Rust.
10:12 of 3rd period - Stopped by Martin Jones with a rebound.
10:14 of 3rd period - Snap shot by Patrik Berglund.
10:14 of 3rd period - Stopped by Martin Jones with a rebound.
11:56 of 3rd period - Penalty to Brad Marchand is over, Brad Marchand is back on ice.
11:59 of 3rd period - Derick Brassard is hit by Erik Johnson and loses puck.
12:12 of 3rd period - Icing by Nick Bjugstad.
12:13 of 3rd period - Colin Wilson wins face-off versus Nick Bjugstad in Senateurs zone.
12:28 of 3rd period - Snap shot by Colin Wilson.
12:28 of 3rd period - Shot Misses the Net.
12:30 of 3rd period - Slapshot by Colin Wilson.
12:30 of 3rd period - Stopped by Martin Jones without a rebound.
12:31 of 3rd period - Eric Staal wins face-off versus Brandon Sutter in Senateurs zone.
12:36 of 3rd period - Snap shot by Brad Marchand.
12:36 of 3rd period - Shot Misses the Net.
12:38 of 3rd period - Wrist shot by Erik Johnson.
12:38 of 3rd period - Stopped by Martin Jones without a rebound.
12:39 of 3rd period - Eric Staal wins face-off versus Brandon Sutter in Senateurs zone.
13:22 of 3rd period - Wrist shot by Brandon Sutter.
13:22 of 3rd period - Deflect By Jordan Martinook.
13:22 of 3rd period - Shot Misses the Net.
13:22 of 3rd period - Puck is out of play.
13:23 of 3rd period - Patrik Berglund wins face-off versus Nick Bjugstad in Flames zone.
13:30 of 3rd period - Wrist shot by Tanner Pearson.
13:30 of 3rd period - Stopped by Martin Jones without a rebound.
13:31 of 3rd period - Tanner Pearson wins face-off versus Nick Bjugstad in Senateurs zone.
14:00 of 3rd period - Wrist shot by Nick Bjugstad.
14:00 of 3rd period - Stopped by Christopher Gibson with a rebound.
14:09 of 3rd period - Off-side.
14:10 of 3rd period - Brandon Sutter wins face-off versus Eric Staal in neutral zone.
15:11 of 3rd period - Dennis Everberg is hit by Anders Lee and loses puck.
15:34 of 3rd period - Snap shot by Derick Brassard.
15:34 of 3rd period - Stopped by Christopher Gibson without a rebound.
15:35 of 3rd period - Eric Staal wins face-off versus Riley Sheahan in Flames zone.
15:50 of 3rd period - Eric Staal is hit by Eric Gelinas and loses puck.
16:08 of 3rd period - Snap shot by Colin Wilson.
16:08 of 3rd period - Shot Misses the Net.
16:10 of 3rd period - Slapshot by Sami Vatanen.
16:10 of 3rd period - Shot Blocked by Nick Bjugstad.
16:12 of 3rd period - Snap shot by Sami Vatanen.
16:12 of 3rd period - Shot Misses the Net.
16:26 of 3rd period - Christian Folin is hit by Dmitry Sinitsyn and loses puck.
16:42 of 3rd period - Minor Penalty to Tanner Pearson for Tripping.
16:43 of 3rd period - Patrik Berglund wins face-off versus Nick Bjugstad in Flames zone.
16:56 of 3rd period - Snap shot by Nick Bjugstad.
16:56 of 3rd period - Stopped by Christopher Gibson with a rebound.
16:58 of 3rd period - Slapshot by Eric Gelinas.
16:58 of 3rd period - Goal by Eric Gelinas - Senateurs : 4 - Flames : 5.
16:59 of 3rd period - Colin Wilson wins face-off versus Pierre-Edouard Bellemare in neutral zone.
17:02 of 3rd period - Slapshot by Sami Vatanen.
17:02 of 3rd period - Shot Misses the Net.
17:07 of 3rd period - Pierre-Edouard Bellemare is hit by Erik Johnson and loses puck.
17:47 of 3rd period - Icing by Eric Gelinas.
17:48 of 3rd period - Brandon Sutter wins face-off versus Patrik Berglund in Senateurs zone.
17:55 of 3rd period - Icing by Tanner Pearson.
17:56 of 3rd period - Jimmy Hayes wins face-off versus Pierre-Edouard Bellemare in Flames zone.
18:15 of 3rd period - Snap shot by Tanner Pearson.
18:15 of 3rd period - Shot Misses the Net.
18:17 of 3rd period - Slapshot by Sami Vatanen.
18:17 of 3rd period - Shot Misses the Net.
18:19 of 3rd period - Slapshot by Tanner Pearson.
18:19 of 3rd period - Stopped by Martin Jones with a rebound.
18:21 of 3rd period - Slapshot by Tanner Pearson.
18:21 of 3rd period - Deflect By Patrik Berglund.
18:21 of 3rd period - Stopped by Martin Jones with a rebound.
18:58 of 3rd period - Ladislav Smid is hit by Erik Johnson and loses puck.
19:17 of 3rd period - Senateurs, Martin Jones is pulled from the net.
19:17 of 3rd period - Snap shot by Riley Sheahan.
19:17 of 3rd period - Shot Misses the Net.
19:35 of 3rd period - Wrist shot by Jimmy Hayes.
19:35 of 3rd period - Goal by Jimmy Hayes - Senateurs : 4 - Flames : 6.
19:35 of 3rd period - Martin Jones from Senateurs was sent back in the game.
19:36 of 3rd period - Anders Lee wins face-off versus Brandon Sutter in neutral zone.
19:41 of 3rd period - Slapshot by Esa Lindell.
19:41 of 3rd period - Deflect By Anders Lee.
19:41 of 3rd period - Stopped by Martin Jones with a rebound.
19:43 of 3rd period - Snap shot by Christian Folin.
19:43 of 3rd period - Goal by Christian Folin - Senateurs : 4 - Flames : 7.
19:44 of 3rd period - Nick Bjugstad wins face-off versus Eric Staal in neutral zone.
Goals for this period are 3 for Senateurs vs 3 for Flames.
Shots for this period are 9 for Senateurs vs 13 for Flames.